 Dungeon Crawl Stone Soup version 0.31-a0-233-g139696dc86 (webtiles) character file.

Game seed: 12572051222376062302

101 Iniera the Trooper (level 4, 0/35 HPs)
             Began as a Mummy Brigand on July 9, 2023.
             Slain by an orc
             ... wielding a +0 dagger
              (1 damage)
             ... on level 3 of the Dungeon.
             The game lasted 00:02:36 (1191 turns).

Iniera the Trooper (Mummy Brigand)                  Turns: 1191, Time: 00:02:36

Health: 0/35       AC:  7    Str: 16    XL:     4   Next: 48%
Magic:  4/4        EV: 10    Int: 10    God:
Gold:   16         SH:  0    Dex: 13    Spells: 3/3 levels left

rFire   x . .        b - +0 war axe
rCold   + . .        (no shield)
rNeg    + + +        a - +0 ring mail
rPois   ∞            (no helmet)
rElec   .            c - +0 cloak
rCorr   .            (no gloves)
SInv    .            f - +0 pair of boots
Will    .....        (no amulet)
Stlth   ++           (no ring)
HPRegen 0.25/turn    (no ring)
MPRegen 0.09/turn

%: faith
@: no status effects
A: cold resistance 1, negative energy resistance 3, torment resistance 2, heat
vulnerability 1, in touch with death 1, no potions, faith
a: no special abilities


You were on level 3 of the Dungeon.
You visited 1 branch of the dungeon, and saw 3 of its levels.

You collected 58 gold pieces.
You spent 42 gold pieces at shops.

Inventory:

Hand Weapons
 b - a +0 war axe (weapon)
Missiles
 d - 12 poisoned darts (quivered)
 z - 3 curare-tipped darts
Armour
 a - a +0 ring mail (worn)
 c - a +0 cloak (worn)
 f - a +0 pair of boots (worn)


   Skills:
 + Level 3.4 Fighting
 - Level 1.5 Short Blades
 * Level 0.1 Axes
 - Level 2.0 Throwing
 + Level 2.0 Armour
 - Level 1.0 Dodging
 - Level 3.2 Stealth


You had 3 spell levels left.
You didn't know any spells.
Your spell library contained the following spells:

 Spells                   Type           Power      Damage    Failure   Level
 Cigotuvi's Dreadful Rot  Necr/Pois/Air  0%         N/A       71%         2
 Cause Fear               Hex            0%         N/A       100%        4
 Plasma Beam              Fire/Air       0%         2x1d10    100%        6


Dungeon Overview and Level Annotations

Branches:
Dungeon (3/15)

Altars:

Shops:
D:3 (


Innate Abilities, Weirdness & Mutations

You are immune to poison.
Your flesh is cold resistant. (rC+)
You are immune to negative energy. (rN+++)
You are immune to unholy pain and torment.
You are vulnerable to heat. (rF-)
You are in touch with the powers of death.
You do not drink.
You have a special connection with the divine. (Faith)


Message History

You closely miss the orc priest. You slash the ball python!
You kill the ball python!
You closely miss the orc. You barely miss the orc. You hit the orc.
The orc hits you but does no damage. x2; The orc barely misses you.
The orc priest closely misses you. The orc barely misses you.
The orc priest hits you with a +0 falchion.
The orc closely misses you. The orc hits you but does no damage.
You hit the orc priest but do no damage.
You hit the orc. You closely miss the orc. You hit the orc.
You kill the orc!
The orc priest hits you with a +0 falchion.
The orc hits you but does no damage. The orc barely misses you.
You barely miss the orc priest. You closely miss the orc. x2
The orc priest hits you with a +0 falchion.
The orc barely misses you. The orc hits you but does no damage.
The orc priest closely misses you. The orc hits you but does no damage.
The orc barely misses you.
You hit the orc priest but do no damage.
You hit the orc but do no damage. x2; The orc priest barely misses you.
The orc hits you with a +0 hand axe. The orc barely misses you.
You barely miss the orc priest. You barely miss the orc.
You hit the orc but do no damage.
The orc priest hits you with a +0 falchion.
The orc hits you but does no damage. The orc hits you with a +0 hand axe.
The orc priest hits you with a +0 falchion!
* * * LOW HITPOINT WARNING * * *
The orc jeers loudly, as Orcs often do.
The orc hits you with a +0 hand axe.
* * * LOW HITPOINT WARNING * * *
The orc closely misses you.
You can't drink.
You hit the orc priest.
The orc priest is lightly wounded.
You hit the orc but do no damage. x2
The orc priest hits you with a +0 falchion.
* * * LOW HITPOINT WARNING * * *
The orc hits you with a +0 hand axe.
* * * LOW HITPOINT WARNING * * *
The orc hits you with a +0 dagger.
You die...

#. ... #.# #.# #.#
########.# #.
.........######## #.
....).o........># #.###
♣....o@.###...## #....
♣....)†o##....)#####...
........................
.............∩....###...
....................'...
..........#...†.#.###...
#...(.....##...##.# #...
######......###.#.# ####
..# .#.#


You could see an orc priest and 2 orcs.

Vanquished Creatures
  Jessica (D:2)
  2 adders (D:2)
  2 dart slugs
  3 orcs (D:3)
  5 endoplasms
  A giant cockroach (D:2)
  5 goblins
  5 hobgoblins (D:1)
  3 jackals (D:2)
  3 kobolds
  2 quokkas
  5 ball pythons
  6 bats
  3 frilled lizards
46 creatures vanquished.

Notes
Turn   | Place    | Note
-------+----------+-------------------------------------------
     0 | D:1      | Iniera the Mummy Brigand began the quest for the Orb.
     0 | D:1      | Reached XP level 1. HP: 16/16 MP: 1/1
   144 | D:1      | Reached skill level 1 in Dodging
   155 | D:1      | Reached XP level 2. HP: 11/22 MP: 2/2
   597 | D:2      | Reached skill level 1 in Armour
   647 | D:2      | Gained mutation: You are in touch with the powers of death.
                  | [Mummy growth]
   647 | D:2      | Reached XP level 3. HP: 24/28 MP: 3/3
   779 | D:2      | Got the Discursus on Malisons and the Cumulonimbus
   821 | D:2      | Noticed Jessica
   827 | D:2      | Killed Jessica
   828 | D:2      | Reached XP level 4. HP: 35/35 MP: 4/4
  1134 | D:3      | Found a faded altar of an unknown god.
  1159 | D:3      | Found Doligeiqa's Weapon Shop.
  1167 | D:3      | Bought a +0 war axe for 42 gold pieces
  1191 | D:3      | HP: 1/35 [orc/+0 hand axe (1)]
  1191 | D:3      | Slain by an orc

Illustrated notes

Levels and vault maps discovered:
D:1:      lemuel_arrival_muddy, layout_rooms, kennysheep_flooded_box,
          hangedman_feature_mirror, interstate_on_off
D:2:      layout_rooms, chequers_serial_rivers_micro_b, uniq_jessica
D:3:      layout_basic, lemuel_round_altar, serial_shops,
          nicolae_shop_bloodbath_and_beyond, ebering_ecumenical_altar_rust,
          chequers_garden

Skill      XL: |  1  2  3  4 |
---------------+-------------+-----
Dodging        | 1 |  1.0
Throwing       | 2 |  2.0
Armour         | 1 2 |  2.0
Fighting       | 3 |  3.4
Short Blades   | |  1.5
Axes           | |  0.1
Stealth        | |  3.2

Action                     |  1- 3 |  4- 6 || total
---------------------------+-------+-------++-------
  Melee: Flail             |   110 |    21 ||   131
         Dagger            |     6 |       ||     6
         War axe           |       |    11 ||    11
    Use: Scroll            |     2 |     1 ||     3
   Stab: Sleeping          |     1 |     1 ||     2
 Armour: Ring mail         |    91 |    20 ||   111
         Robe              |     1 |       ||     1
  Dodge: Dodged            |   106 |    31 ||   137

Table legend: (Time is in decaauts)
 A = Elapsed time spent in this place.
 B = Non-inter-level travel time spent in this place.
 C = Inter-level travel time spent in this place.
 D = Time resting spent in this place.
 E = Time spent auto-exploring this place.
 F = Levels seen in this place.
 G = Mean time per level.
                   A        B        C        D        E       F      G
               +--------+--------+--------+--------+--------+-----+--------+
         Total |   1250 |   1214 |     36 |     36 |    787 |   3 |  416.7 |
       Dungeon |   1250 |   1214 |     36 |     36 |    787 |   3 |  416.7 |
               +--------+--------+--------+--------+--------+-----+--------+

Top non-repeatable levels by time:
     D:1: 603 daAuts
     D:2: 584 daAuts
     D:3: 62 daAuts
